 Dungeon Crawl Stone Soup version 0.23.2-1-ga50397a6bc (webtiles) character file.

Game seed: 15365017968349155872

59 BakaRin0v0 the Covered (level 3, -5/33 HPs)
             Began as a Minotaur Fighter on Apr 15, 2019.
             Slain by Ternys's ghost (13 damage)
             ... on level 3 of the Dungeon.
             The game lasted 00:05:16 (1993 turns).

BakaRin0v0 the Covered (Minotaur Fighter)           Turns: 1993, Time: 00:05:16

Health: -5/33      AC:  7    Str: 21    XL:     3   Next: 78%
Magic:  2/2        EV:  7    Int:  5    God:
Gold:   137        SH:  9    Dex:  9    Spells: 2/2 levels left

rFire    . . .     SeeInvis .   a - +1 long sword
rCold    . . .     Gourm    .   c - +0 shield
rNeg     . . .     Faith    .   b - +0 scale mail
rPois    .         Spirit   .   (helmet restricted)
rElec    .         Reflect  .   (no cloak)
rCorr    .         Harm     .   (no gloves)
MR       .....                  (no boots)
Stlth    ..........             (no amulet)
HPRegen  0.11/turn              (no ring)
MPRegen  0.08/turn              (no ring)

@: no status effects
A: retaliatory headbutt, horns 2
a: no special abilities


You were on level 3 of the Dungeon.
You were very hungry.

You visited 1 branch of the dungeon, and saw 3 of its levels.

You collected 137 gold pieces.

Inventory:

Hand Weapons
 a - a +1 long sword (weapon)
 g - a +0 hunting sling
Armour
 b - a +0 scale mail (worn)
 c - a +0 shield (worn)
 h - a +0 leather armour of fire resistance
 l - a +0 ring mail
 p - a cursed +0 pair of boots
Scrolls
 i - a scroll of teleportation {unknown}
 j - a scroll of identify
 o - a scroll of enchant weapon
 q - a scroll of immolation
Potions
 d - a potion of might
 e - 2 potions of invisibility {unknown}
 k - 4 potions of curing
 m - a potion of heal wounds {unknown}
 n - a potion of flight {unknown}
Comestibles
 f - 8 rations


   Skills:
 + Level 4.1 Fighting
 + Level 3.0 Long Blades
 + Level 4.6 Armour
 + Level 0.1 Dodging
 + Level 4.2 Shields


You had 2 spell levels left.
You didn't know any spells.
Your spell library was empty.

Dungeon Overview and Level Annotations

Branches:
Dungeon (3/15)

Altars:
Nemelex Xobeh

Annotations:
D:3 Ternys's ghost, weakling MiFi


Innate Abilities, Weirdness & Mutations

You reflexively headbutt those who attack you in melee.
You have a pair of horns on your head.


Message History

You hit Ternys's ghost. Your headbutt misses Ternys's ghost.
Ternys's ghost is lightly damaged.
Ternys's ghost hits you.
You slash Ternys's ghost! You headbutt Ternys's ghost!
Ternys's ghost is severely damaged.
Ternys's ghost hits you but does no damage.
Ternys's ghost hits you!
* * * LOW HITPOINT WARNING * * *
You hit Ternys's ghost but do no damage.
Your headbutt misses Ternys's ghost.
Ternys's ghost is severely damaged.
Ternys's ghost hits you but does no damage.
Your shield and scale mail prevent you from hitting Ternys's ghost.
Your headbutt misses Ternys's ghost.
Ternys's ghost is severely damaged.
Ternys's ghost hits you but does no damage.
You closely miss Ternys's ghost. You headbutt Ternys's ghost.
Ternys's ghost is severely damaged.
Ternys's ghost hits you!
You die...

#######...#####.##....#
#...# #.##.#..# #...#
#.##.#..# #...#
#.##.#... ############
#.##.#.## #....#P8P#
#.##.#.## #....#.[.#
#.##..... #....##W##
#.....#.#
#......@.#######..##...#
#........#........##.#..
#........#.#####........
#(.......#.#####..#####.
#......(.#.....#........
#........#####.#.####.##
#........#####.#....[..(
#........'[.#...#####.#.
#........##.#...#.....#.


You could see Ternys's ghost.

Vanquished Creatures
  An adder (D:3)
  An ooze (D:1)
  4 leopard geckos
  2 orcs
  A giant cockroach (D:3)
  7 goblins
  2 hobgoblins
  2 jackals (D:3)
  6 bats
  4 frilled lizards
  7 kobolds
  2 rats
39 creatures vanquished.

Notes
Turn   | Place    | Note
-------+----------+-------------------------------------------
     0 | D:1      | BakaRin0v0 the Minotaur Fighter began the quest for the
                  | Orb.
     0 | D:1      | Reached XP level 1. HP: 19/19 MP: 0/0
   236 | D:1      | Reached XP level 2. HP: 27/27 MP: 1/1
   909 | D:2      | Reached XP level 3. HP: 33/33 MP: 2/2
  1502 | D:3      | Found a sparkling altar of Nemelex Xobeh.
  1977 | D:3      | Found a runed translucent door.
  1979 | D:3      | Noticed Ternys's ghost (weakling MiFi)
  1993 | D:3      | Slain by Ternys's ghost

Skill      XL: |  1  2  3 |
---------------+----------+-----
Armour         | 4 |  4.6
Shields        | 4 |  4.2
Fighting       | 4 |  4.1
Long Blades    | 3 |  3.0
Dodging        | |  0.1

Action                   || total
-------------------------++-------
Melee: Long sword        ||    91
       Headbutt          ||    15
  Use: Scroll            ||     6
  Eat: Chunk             ||     2
Armor: Scale mail        ||    36
Dodge: Dodged            ||    24
Block: Shield            ||    46
       Rpst.: Long sword ||     7
